 Dungeon Crawl Stone Soup version 0.29.0-4-gdea44cf6ec (webtiles) character file.

Game seed: 4136712287994726365

2 qw the Sneak (level 1, -1/14 HPs)
             Began as a Gargoyle Delver on Sept 10, 2022.
             Splashed by a jelly's acid (5 damage)
             ... on level 5 of the Dungeon.
             The game lasted 00:00:02 (39 turns).

qw the Sneak (Gargoyle Delver)                        Turns: 39, Time: 00:00:02

Health: -1/14      AC:  5    Str: 15    XL:     1   Next: 30%
Magic:  1/1        EV: 11    Int: 10    God:
Gold:   10         SH:  0    Dex: 11    Spells: 0/0 levels left

rFire   . . .      SeeInvis .   a - +0 hand axe
rCold   . . .      Faith    .   (no shield)
rNeg    + . .      Spirit   .   b - +0 leather armour
rPois   inf        Reflect  .   (no helmet)
rElec   +          Harm     .   (no cloak)
rCorr   .          Rampage  .   (no gloves)
Will    .....                   (no boots)
Stlth   +++.......              (no amulet)
HPRegen 0.04/turn               (no ring)
MPRegen 0.07/turn               (no ring)

@: no status effects
A: sickness immunity, AC +2, negative energy resistance 1, electricity
resistance, torment resistance 1, petrification resistance
a: no special abilities


You were on level 5 of the Dungeon.
You visited 1 branch of the dungeon, and saw 1 of its levels.

You collected 10 gold pieces.


Innate Abilities, Weirdness & Mutations

You are immune to sickness and miasma.
Your stone body is resilient. (AC +2)
You are immune to poison.
You resist negative energy. (rN+)
You are resistant to electric shocks. (rElec)
You are resistant to unholy torment.
You are immune to petrification.


   Skills:
 - Level 3.2 Fighting
 + Level 2.0 Axes
 - Level 1.5 Dodging
 - Level 5.4 Stealth


You couldn't memorise any spells.
You didn't know any spells.
Your spell library was empty.

Inventory:

Hand Weapons
 a - a +0 hand axe (weapon)
 i - a +0 club
Missiles
 j - 2 boomerangs (quivered)
Armour
 b - a +0 leather armour (worn)
Wands
 g - a wand of digging (3)
Scrolls
 c - a scroll of fog
 d - a scroll of magic mapping
 e - a scroll of fear
 h - a scroll of identify {unknown}
Potions
 f - a potion of haste

Dungeon Overview and Level Annotations

Branches:
Dungeon (5/15)
 Temple: D:4-7

Altars:


Message History

You slash the orc!
You kill the orc!
Your Axes skill increases to level 2!
i - a +0 club;
j - 2 boomerangs A hound comes into view.
Throw: 2 boomerangs
Press: ? - help, Q - select action Shift-Dir - straight line, f - hound You throw a boomerang.
The boomerang hits the hound.
The hound barks!
The hound is lightly wounded.
Throw: 2 boomerangs
Press: ? - help, Q - select action Shift-Dir - straight line, f/p - hound You throw a boomerang.
The boomerang misses the hound.
Throw: 2 boomerangs
Press: ? - help, Q - select action Shift-Dir - straight line, f/p - hound You throw a boomerang.
The boomerang closely misses the hound.
A jelly comes into view.
You hit the hound.
The hound is moderately wounded.
The hound closely misses you. x2
You hit the hound.
The hound is heavily wounded.
The hound bites you but does no damage. The hound barely misses you.
You hit the hound.
The hound is severely wounded.
The hound bites you but does no damage. The hound barely misses you.
You barely miss the hound.
The hound is severely wounded.
The hound bites you but does no damage. The hound barely misses you.
You hit the hound.
The hound is almost dead.
The hound closely misses you. The jelly hits you.
You are splashed with acid.
You closely miss the hound.
The hound is almost dead.
You hit the jelly.
Your hands burn!
The hound barely misses you. x2; The jelly hits you but does no damage.
You closely miss the hound.
The hound is almost dead.
You hit the jelly.
Your hands burn!
You die...

... #.# ....# ..# #.# .
#...# ..###.# < ###
#...# ..##.# . ##...
#...######.##.# .
.....##...##......#.# .
..........##......#.###.
......Jh..##............
#.....@..##.....#....>.
#####...........#...##.
#...........#...# .
#...........#...# .
#...:...##......# .
#.......##......# #
##########.....## ....
...


You could see a hound and a jelly.

Vanquished Creatures
  An orc (D:5)
1 creature vanquished.

Notes
Turn   | Place    | Note
-------+----------+-------------------------------------------
     0 | D:5      | qw the Gargoyle Delver began the quest for the Orb.
     0 | D:5      | Reached XP level 1. HP: 14/14 MP: 1/1
     0 | D:5      | 0 ||| qw: Version: 0.1-a-117-gfe26ee0
     0 | D:5      | 0 ||| qw: Game counter: 9784
     0 | D:5      | 0 ||| qw: Always use a shield: true
     0 | D:5      | 0 ||| qw: God list: Okawaru
     0 | D:5      | 0 ||| qw: Allow faded altars: false
     0 | D:5      | 0 ||| qw: Do Orc after D:15 true
     0 | D:5      | 0 ||| qw: Do second Lair branch before Depths: true
     0 | D:5      | 0 ||| qw: Lair rune preference: random
     0 | D:5      | 0 ||| qw: Plans: Normal
     0 | D:5      | 0 ||| PLANNING D:1-11
    29 | D:5      | Noticed a hound
    32 | D:5      | Noticed a jelly
    39 | D:5      | Splashed by a jelly's acid

Levels and vault maps discovered:
D:5:      layout_basic, mainiacjoe_overflow_brackets, uniq_pikel

Skill      XL: |  1 |
---------------+----+-----
Axes           | 2 |  2.0
Fighting       | |  3.2
Dodging        | |  1.5
Stealth        | |  5.4

Action                   || total
-------------------------++-------
Melee: Hand axe          ||     8
Throw: Boomerang         ||     3
Armor: Leather armour    ||     4
Dodge: Dodged            ||     9

Table legend:
 A = Non-vault XP
 B = Vault XP
 C = Vault XP percentage of total XP
 D = Non-vault monster count
 E = Vault monster count
 F = Vault count percentage of total count
                 A         B        C        D         E       F
            +---------+---------+-------+---------+---------+-------
      Total |       3 |       0 |   0.0 |       1 |       0 |   0.0
            +---------+---------+-------+---------+---------+-------
        D:5 |       3 |       0 |   0.0 |       1 |       0 |   0.0
            +---------+---------+-------+---------+---------+-------
